 Dungeon Crawl Stone Soup version 0.25.1-2-g60ff931df9 (webtiles) character file.

Game seed: 15539367497632997163

526 Curus the Agent of Entropy (level 7, -12/57 HPs)
             Began as a Hill Orc Abyssal Knight on Aug 3, 2020.
             Was a Priest of Lugonu.
             Mangled by an ice beast (14 damage)
             ... on level 3 of the Dungeon.
             The game lasted 00:20:58 (4964 turns).

Curus the Agent of Entropy (HOAK)                   Turns: 4964, Time: 00:20:58

Health: -12/57     AC:  7    Str: 15    XL:     7   Next: 23%
Magic:  12/12      EV: 10    Int: 12    God:    Lugonu [***...]
Gold:   173        SH:  0    Dex: 12    Spells: 6/6 levels left

rFire    . . .     SeeInvis +   a - +2 falchion
rCold    . . .     Gourm    .   (no shield)
rNeg     . . .     Faith    .   i - +0 ring mail
rPois    .         Spirit   .   (no helmet)
rElec    .         Reflect  .   (no cloak)
rCorr    .         Harm     .   e - +1 pair of gloves
MR       .....                  (no boots)
Stlth    +.........             (no amulet)
HPRegen  0.19/turn              l - ring of see invisible
MPRegen  0.13/turn              (no ring)

@: no status effects
A: no striking features
a: Depart the Abyss, Bend Space, Banish, Renounce Religion


You were on level 3 of the Dungeon.
You worshipped Lugonu.
Lugonu was most pleased with you.
You were not hungry.

You visited 1 branch of the dungeon, and saw 4 of its levels.
You visited the Abyss 1 time.
You also visited: Sewer.

You collected 173 gold pieces.

Inventory:

Hand Weapons
 a - a +2 falchion (weapon)
Armour
 b - a +1 leather armour
 e - a +1 pair of gloves (worn)
 i - a +0 ring mail (worn)
Jewellery
 l - a ring of see invisible (left hand)
Wands
 j - a wand of polymorph (4)
Scrolls
 f - 4 scrolls of teleportation
 g - 5 scrolls of identify
 k - 5 scrolls of remove curse
Potions
 d - 2 potions of haste
 h - 4 potions of curing
 m - a potion of flight
 n - a potion of invisibility
 o - 6 potions of heal wounds
 p - 4 potions of might
 r - 2 potions of brilliance
Comestibles
 c - 8 rations
 q - 2 chunks of flesh


   Skills:
 - Level 3.6 Fighting
 + Level 6.1 Long Blades
 - Level 2.1 Armour
 - Level 0.7 Dodging
 + Level 7.2 Invocations


You had 6 spell levels left.
You didn't know any spells.
Your spell library was empty.

Dungeon Overview and Level Annotations

Branches:
Dungeon (4/15)             Temple (0/1) D:4           Sewer (visited)

Altars:
Trog

Annotations:
D:4 Grinder


Message History

The ice beast barely misses you.
You hit the ice beast.
The ice beast is severely wounded.
The ice beast hits you. The ice beast freezes you.
You hit the ice beast.
The ice beast is severely wounded.
The ice beast hits you. The ice beast freezes you!
You hit the ice beast.
The ice beast is almost dead.
The ice beast hits you but does no damage.
You closely miss the ice beast.
The ice beast is almost dead.
The ice beast hits you. The ice beast freezes you!
* * * LOW HITPOINT WARNING * * *
You barely miss the ice beast.
The ice beast is almost dead.
The ice beast hits you.
* * * LOW HITPOINT WARNING * * *
The ice beast freezes you!
You die...

# ##....#########<.#...#
#.#..# #......# # ##.#..#
#..#.>.#
###.##..#########..##.##
...###.............#...####
#.#####.#.................#
#.........######.###...##.#
#.#####......).Y.# ##.###.#
#.#
#########.@####(###.#######
#.# #......[..........# #.#
##.####).....####.# #.# #.#
#####...# #.# #.# ######.#
##..# #.#
#.#########......# #..# #.#
#...........###### #..# #.#
############# #..# #.#
......# ######### #..# #.#


You could see an ice beast.

Vanquished Creatures
  3 big kobolds (Sewer)
  A bullfrog (D:3)
  An orc priest (D:3)
  A worker ant (D:4)
  4 gnolls (D:2)
  6 adders
  2 oozes
  3 worms (D:2)
  2 dart slugs
  A leopard gecko (D:3)
  5 orcs (D:3)
  4 giant cockroaches
  6 goblins
  10 hobgoblins
  9 jackals
  19 kobolds
  2 ball pythons
  8 bats
  5 frilled lizards
  8 rats
100 creatures vanquished.

Notes
Turn   | Place    | Note
-------+----------+-------------------------------------------
     0 | Abyss:1  | Curus the Hill Orc Abyssal Knight began the quest for the
                  | Orb.
     0 | Abyss:1  | Reached XP level 1. HP: 19/19 MP: 2/2
     7 | D:1      | Escaped the Abyss
   359 | D:1      | Reached skill level 3 in Invocations
   359 | D:1      | Reached XP level 2. HP: 26/26 MP: 2/4
   968 | D:2      | Found a bloodstained altar of Trog.
  1144 | D:2      | Reached XP level 3. HP: 31/31 MP: 5/5
  1432 | D:2      | Reached ** piety under Lugonu
  1446 | D:2      | Reached skill level 4 in Invocations
  1607 | D:2      | Reached XP level 4. HP: 23/39 MP: 7/7
  2522 | D:2      | Reached XP level 5. HP: 44/45 MP: 8/8
  2736 | D:3      | Reached skill level 5 in Invocations
  3005 | D:3      | Reached XP level 6. HP: 47/51 MP: 10/10
  3041 | D:3      | Reached skill level 5 in Long Blades
  3047 | D:3      | Reached *** piety under Lugonu
  3299 | D:3      | Reached skill level 6 in Invocations
  3620 | D:4      | Found a staircase to the Ecumenical Temple.
  3634 | D:4      | Found a glowing drain.
  3656 | Sewer    | Entered a sewer
  4345 | Sewer    | Reached skill level 7 in Invocations
  4345 | Sewer    | Reached XP level 7. HP: 20/57 MP: 12/12
  4932 | D:4      | Noticed Grinder
  4964 | D:3      | HP: 2/57 [ice beast (4)]
  4964 | D:3      | Mangled by an ice beast

Illustrated notes

Levels and vault maps discovered:
D:1:      lemuel_arrival_muddy, layout_loops_cross, kennysheep_minor_cross,
          minmay_crystal_room, chequers_serial_rivers_micro_c
D:2:      layout_loops_ring, old_standard_altar, hangedman_glass_teeth
D:3:      minmay_evil_eye, layout_loops_ring, first_ration, skrybe_limestone_x
D:4:      layout_loops_ring, minmay_temple_entry_drinking_statues,
          portal_sewer_entry_d, uniq_grinder

Skill      XL: |  1  2  3  4  5  6 |
---------------+-------------------+-----
Invocations    | 3 4 5 7 |  7.2
Long Blades    | 3 4 6 |  6.1
Fighting       | |  3.6
Armour         | |  2.1
Dodging        | |  0.7

Action                   |  1- 3 |  4- 6 |  7- 9 || total
-------------------------+-------+-------+-------++-------
Melee: Falchion          |    93 |   218 |    31 ||   342
  Use: Potion            |     7 |     2 |       ||     9
       Scroll            |     6 |     1 |     1 ||     8
  Eat: Chunk             |     2 |     9 |     2 ||    13
Armor: Leather armour    |    32 |    47 |       ||    79
       Ring mail         |       |    42 |    11 ||    53
Dodge: Dodged            |    55 |   158 |    10 ||   223
       Rpst.: Falchion   |    19 |    51 |     1 ||    71
